[Event "Titled Tuesday Blitz March 08 Late 2022"]
[White "Derige Kane, Yan"]
[Black "Antonio, Jorge Carlos"]
[WhiteFideId "20665431"]
[BlackFideId "113190"]
[WhiteElo "2169"]
[BlackElo "2247"]
[Result "1-0"]
[Round "02"]
[TimeControl "180+1"]
[Date "2022.03.09"]
[WhiteClock "0:02:37"]
[BlackClock "0:01:43"]

1. g4 d5 2. g5 c5 3. Bg2 e5 4. c4 Be6 5. h4 Nc6 6. b3 Qc7 7. cxd5 Bxd5 8. Bxd5 O-O-O 9. Bg2 f5 10. Bb2 e4 11. Nc3 g6 12. a3 Bg7 13. Qc2 Nge7 14. e3 Rd7 15. O-O-O Rhd8 16. Nge2 Ne5 17. Nf4 Nd3+ 18. Nxd3 Rxd3 19. Nb5 Qd7 20. Nxa7+ Kb8 21. Bxg7 Kxa7 22. Bf1 c4 23. Bxd3 cxd3 24. Bd4+ Ka8 25. Qb2 Rc8+ 26. Kb1 Nc6 27. Rc1 Nxd4 28. Qxd4 Rd8 29. Qxd7 Rxd7 30. h5 f4 31. hxg6 hxg6 32. Rh4 fxe3 33. fxe3 Re7 1-0


[Site "https://www.chess.com"]

[Event "Titled Tuesday Blitz March 08 Late 2022"]
[White "Derraugh, Geordie"]
[Black "Erdogdu, Mert"]
[WhiteFideId "2603950"]
[BlackFideId "6301495"]
[WhiteElo "2424"]
[BlackElo "2705"]
[Result "1-0"]
[Round "02"]
[TimeControl "180+1"]
[Date "2022.03.09"]
[WhiteClock "0:00:10"]
[BlackClock "0:00:09"]

1. e4 c5 2. c3 d5 3. exd5 Qxd5 4. Nf3 Nf6 5. d4 Bg4 6. Na3 e6 7. Be2 Be7 8. Nb5 Qd8 9. dxc5 Bxc5 10. Qxd8+ Kxd8 11. Bf4 Na6 12. b4 Nd5 13. O-O-O Bxf2 14. c4 Nxb4 15. cxd5 Nxd5 16. Nc7 Rc8 17. Kb2 Rxc7 18. Bxc7+ Kxc7 19. Rc1+ Kb8 20. Rhd1 Nf4 21. Rc4 g5 22. Bf1 Bh5 23. Rd7 Nd5 24. Rc2 Be3 25. Bc4 Nb6 26. Rd3 Bf4 27. Rd1 g4 28. Nd4 Be5 29. Kb3 Bg6 30. Re2 Bxh2 31. Nb5 Nxc4 32. Kxc4 Rc8+ 33. Kb4 a6 34. Nc3 Bf4 35. Rd7 Bh6 36. Na4 Bf8+ 37. Kb3 b5 38. Nb6 Re8 39. a4 Bg7 40. Red2 Be4 41. a5 Bc6 42. R7d6 Bb7 43. Rd7 Bc6 44. Rxf7 Bb7 45. Rxg7 Bd5+ 46. Kb4 Rd8 47. Rxh7 e5 48. Nxd5 Rd6 49. Rd3 Kc8 50. Rh8+ Kd7 51. Rh7+ Kc6 52. Ne7+ Kd7 53. Nf5+ Ke6 54. Rxd6+ Kxf5 55. Rxa6 Ke4 56. Rb6 g3 57. Rxb5 Ke3 58. Rxe5+ Kf2 59. Rg5 Kxg2 60. Rhg7 Kf3 61. Rxg3+ Ke4 62. Rg1 1-0


[Site "https://www.chess.com"]

[Event "Titled Tuesday Blitz March 08 Late 2022"]
[White "Desideri, Ricardo Maruchi"]
[Black "Brunner, Nicolas"]
[WhiteFideId "2110440"]
[BlackFideId "620246"]
[WhiteElo "1945"]
[BlackElo "2372"]
[Result "0-1"]
[Round "02"]
[TimeControl "180+1"]
[Date "2022.03.09"]
[WhiteClock "0:01:23"]
[BlackClock "0:01:45"]

1. e4 e5 2. Nf3 Nc6 3. d4 exd4 4. Nxd4 Nf6 5. f3 Bc5 6. Nb3 Bb6 7. Qe2 O-O 8. Be3 d5 9. Bxb6 axb6 10. Nc3 dxe4 11. Nxe4 Nxe4 12. fxe4 Qe7 13. a3 Re8 14. Nd2 Nd4 15. Qd3 c5 16. O-O-O Bg4 17. Re1 Rad8 18. Qc3 b5 19. Nf3 Bxf3 20. gxf3 Qf6 21. Qxc5 Rc8 0-1


[Site "https://www.chess.com"]

[Event "Titled Tuesday Blitz March 08 Late 2022"]
[White "Di Nicolantonio, Lucas"]
[Black "Arnold, Ken"]
[WhiteFideId "680460"]
[BlackFideId "2056836"]
[WhiteElo "2381"]
[BlackElo "2293"]
[Result "1-0"]
[Round "02"]
[TimeControl "180+1"]
[Date "2022.03.09"]
[WhiteClock "0:01:45"]
[BlackClock "0:00:39"]

1. c4 e6 2. Nf3 d5 3. b3 dxc4 4. bxc4 c5 5. Bb2 b6 6. g3 Bb7 7. Bg2 Nd7 8. O-O Ngf6 9. Nc3 Be7 10. a4 O-O 11. d3 a6 12. a5 Qc7 13. axb6 Nxb6 14. e4 Rfd8 15. Qe2 Bc6 16. h4 Rdb8 17. e5 Nfd7 18. Rfe1 h6 19. Ne4 Bxe4 20. Qxe4 a5 21. Bc1 a4 22. Qg4 Bf8 23. Bxh6 a3 24. h5 f5 25. exf6 Nxf6 26. Qxe6+ Kh8 27. Bf4 1-0


[Site "https://www.chess.com"]

[Event "Titled Tuesday Blitz March 08 Late 2022"]
[White "Dias, Joao Batista"]
[Black "Estrada Nieto, Julian"]
[WhiteFideId "2108240"]
[BlackFideId "5101018"]
[WhiteElo "1898"]
[BlackElo "2246"]
[Result "0-1"]
[Round "02"]
[TimeControl "180+1"]
[Date "2022.03.09"]
[WhiteClock "0:02:44"]
[BlackClock "0:02:33"]

1. Nf3 d5 2. d4 Nf6 3. e3 c5 4. dxc5 e6 5. Bd3 Bxc5 6. O-O Nc6 7. Nbd2 e5 8. Nb3 Bb6 9. Bb5 Qe7 10. Bxc6+ bxc6 11. c3 Bg4 12. h3 Bh5 13. g4 Nxg4 14. hxg4 Bxg4 15. Kg2 e4 0-1


[Site "https://www.chess.com"]

[Event "Titled Tuesday Blitz March 08 Late 2022"]
[White "Dobrov, Vladimir"]
[Black "Arabidze, Meri"]
[WhiteFideId "4136594"]
[BlackFideId "13604040"]
[WhiteElo "2614"]
[BlackElo "2335"]
[Result "1-0"]
[Round "02"]
[TimeControl "180+1"]
[Date "2022.03.08"]
[WhiteClock "0:00:27"]
[BlackClock "0:00:02"]

1. d4 f5 2. e4 fxe4 3. Nc3 Nf6 4. Bg5 Nc6 5. d5 Ne5 6. Qe2 Nf7 7. Bxf6 exf6 8. Nxe4 Bb4+ 9. c3 Be7 10. d6 cxd6 11. O-O-O O-O 12. Ng3 Re8 13. Qc2 g6 14. h4 f5 15. Bc4 d5 16. Bxd5 Bf6 17. h5 d6 18. hxg6 hxg6 19. Nh3 Be6 20. Bxe6 Rxe6 21. Kb1 Be5 22. Ne2 Kg7 23. Nhf4 Rf6 24. Nd5 Re6 25. a3 Qd7 26. f4 Bf6 27. Nxf6 Rxf6 28. Nd4 Re8 29. Qf2 Rh8 30. Rxh8 Nxh8 31. Rh1 Qe7 32. Ka1 Nf7 33. Qh4 Qe4 34. Qg3 a5 35. Re1 Qd5 36. Re7 a4 37. Qe1 Qc4 38. Rxb7 Kg8 39. Qe8+ Kg7 40. Qe1 Qd3 41. Ne6+ Kg8 42. Rb8+ Kh7 43. Qh4+ Nh6 44. Rh8+ 1-0


[Site "https://www.chess.com"]

[Event "Titled Tuesday Blitz March 08 Late 2022"]
[White "Dubov, Daniil"]
[Black "Chiu, Isaac"]
[WhiteFideId "24126055"]
[BlackFideId "30900654"]
[WhiteElo "2791"]
[BlackElo "2117"]
[Result "1-0"]
[Round "02"]
[TimeControl "180+1"]
[Date "2022.03.08"]
[WhiteClock "0:00:44"]
[BlackClock "0:00:09"]

1. d4 g6 2. Nf3 Bg7 3. e4 d6 4. Bc4 Nf6 5. Qe2 O-O 6. e5 Ne8 7. h3 c5 8. dxc5 dxe5 9. Nxe5 Qa5+ 10. Nc3 Qxc5 11. f4 Nc6 12. Be3 Qb4 13. O-O-O Nxe5 14. fxe5 Nc7 15. Rhf1 b5 16. Bxf7+ Kh8 17. a3 Qa5 18. Bc5 Bf5 19. Bb3 Be6 20. Bxe6 Nxe6 21. Bxe7 Rfc8 22. Bb4 Qb6 23. Rd6 Nd4 24. Qe4 Nc6 25. Nd5 Qb7 26. Nf6 Rf8 27. Qxc6 Qf7 28. Qd5 Qb7 1-0


[Site "https://www.chess.com"]

[Event "Titled Tuesday Blitz March 08 Late 2022"]
[White "Fedoseev, Vladimir"]
[Black "Warakomska, Anna"]
[WhiteFideId "24130737"]
[BlackFideId "1130790"]
[WhiteElo "2726"]
[BlackElo "2062"]
[Result "1-0"]
[Round "02"]
[TimeControl "180+1"]
[Date "2022.03.09"]
[WhiteClock "0:01:42"]
[BlackClock "0:00:01"]

1. Nf3 d5 2. g3 Nf6 3. Bg2 Bf5 4. O-O h6 5. d3 e6 6. c4 c6 7. Qb3 Qb6 8. Qc2 Be7 9. Be3 Qd8 10. h3 O-O 11. Rc1 Nbd7 12. cxd5 exd5 13. Bd4 Re8 14. Nc3 Bd6 15. a3 Bh7 16. b4 a6 17. Qb2 a5 18. Nd2 axb4 19. axb4 Qe7 20. Rab1 Nf8 21. e4 Ne6 22. Bxf6 Qxf6 23. exd5 Nd4 24. Nde4 Qe5 25. dxc6 bxc6 26. Re1 Bc7 27. Kh2 Qh5 28. Ra1 Nf3+ 29. Bxf3 Qxf3 30. Re3 Qf5 31. Rae1 Reb8 32. Qe2 Rxb4 33. Nd2 g5 34. Nc4 1-0


[Site "https://www.chess.com"]

[Event "Titled Tuesday Blitz March 08 Late 2022"]
[White "Fiorito, Fabian"]
[Black "Tristan, Leonardo"]
[WhiteFideId "100200"]
[BlackFideId "113816"]
[WhiteElo "2431"]
[BlackElo "2707"]
[Result "0-1"]
[Round "02"]
[TimeControl "180+1"]
[Date "2022.03.09"]
[WhiteClock "0:00:30"]
[BlackClock "0:00:29"]

1. d4 d5 2. Nc3 Nf6 3. Bf4 c5 4. e4 cxd4 5. Qxd4 Nc6 6. Bb5 Bd7 7. Bxc6 Bxc6 8. e5 Ne4 9. e6 Qb6 10. Qxb6 axb6 11. exf7+ Kxf7 12. Nxe4 dxe4 13. Ne2 h5 14. a3 h4 15. h3 Rh5 16. O-O-O g6 17. Be3 b5 18. Rd2 e6 19. Kb1 b4 20. axb4 Bxb4 21. c3 Be7 22. Nd4 Bd5 23. Rc1 Bc4 24. Rcd1 Bd3+ 25. Rxd3 exd3 26. Rxd3 Rd8 27. Kc2 Rhd5 28. Nf3 Rxd3 29. Ne5+ Kf6 30. Nxd3 Kf5 31. Bd4 Bd6 32. b4 e5 33. Be3 e4 34. Nb2 b5 35. Kb3 Be5 36. Kc2 g5 37. Nd1 g4 38. hxg4+ Kxg4 39. Bc5 Bf4 40. Bd4 Kf5 41. Kb3 Rg8 42. g3 h3 0-1


[Site "https://www.chess.com"]

[Event "Titled Tuesday Blitz March 08 Late 2022"]
[White "Fishbein, Alexander"]
[Black "Martinez Alcantara, Jose Eduardo"]
[WhiteFideId "2000377"]
[BlackFideId "3805662"]
[WhiteElo "2442"]
[BlackElo "2690"]
[Result "0-1"]
[Round "02"]
[TimeControl "180+1"]
[Date "2022.03.08"]
[WhiteClock "0:00:01"]
[BlackClock "0:00:14"]

1. e4 c5 2. Nf3 d6 3. d4 cxd4 4. Nxd4 Nf6 5. Nc3 Nc6 6. Be2 e5 7. Nf3 Be7 8. Bg5 Be6 9. O-O O-O 10. Qd2 Ne8 11. Be3 Nf6 12. Bg5 Qb6 13. b3 Rfd8 14. a3 d5 15. exd5 Nxd5 16. Nxd5 Rxd5 17. Qe3 Qxe3 18. Bxe3 Rd7 19. Bb5 f6 20. Rfd1 Rxd1+ 21. Rxd1 Bxa3 22. Bxc6 bxc6 23. Ra1 Bb4 24. Rxa7 Rxa7 25. Bxa7 Bf5 26. c4 Bc2 27. Be3 Bxb3 28. c5 Bd5 29. Nd2 Kf7 30. g3 g5 31. Kf1 g4 32. Ke2 f5 33. Kd3 Ke6 34. Nc4 h5 35. Nd6 Ba5 36. Ne8 Bd8 37. Ng7+ Kf6 38. Ne8+ Kg6 39. Nd6 h4 40. Ke2 h3 41. Nb7 Be7 42. Nd6 Be6 43. f3 gxf3+ 44. Kxf3 Bd5+ 45. Kf2 Kf6 46. Nc8 Bf8 47. Nd6 Ke6 48. Ne8 Bc4 49. Nd6 Bd3 50. Ne8 Kd5 51. Nd6 Be7 52. Nf7 Ke6 53. Nd6 Bxd6 54. cxd6 Kxd6 55. Bb6 Kd5 56. Ke3 Bc2 57. Ba7 Bd1 58. Bb6 Bg4 59. Ba7 Kd6 60. Bb8+ Ke6 61. Ba7 Kd5 62. Bb6 c5 63. Ba7 c4 64. Bb6 Bh5 65. Ba5 Bg6 66. Bc3 Bf7 67. Bb2 Be8 68. Bc3 Bd7 69. Bb2 e4 70. Bc3 Kc5 71. Kf4 Kb5 72. Ke3 Ka4 73. Kd2 Kb3 74. Be5 Be6 75. Bf6 Bd5 76. Be5 Bc6 77. Bf6 Ka2 78. Be5 Kb1 79. Bf6 Bb5 80. Be5 Ka2 81. Bf6 Kb3 82. Be5 Kb4 83. Bc3+ Kc5 84. Ke3 Bd7 85. Bf6 Kb4 86. Kd2 Kb3 87. Be5 Be6 88. Bf6 f4 89. gxf4 Bf5 90. Be5 c3+ 91. Bxc3 e3+ 0-1


[Site "https://www.chess.com"]

[Event "Titled Tuesday Blitz March 08 Late 2022"]
[White "Gadimbayli, Abdulla"]
[Black "Molenda, Marcin"]
[WhiteFideId "13404938"]
[BlackFideId "1173065"]
[WhiteElo "2716"]
[BlackElo "2488"]
[Result "1-0"]
[Round "02"]
[TimeControl "180+1"]
[Date "2022.03.09"]
[WhiteClock "0:00:15"]
[BlackClock "0:00:07"]

1. e4 c5 2. Nf3 e6 3. d4 cxd4 4. Nxd4 Nc6 5. Nc3 Qc7 6. Be3 a6 7. Qd2 Nf6 8. f4 Bb4 9. Bd3 d5 10. e5 Ng4 11. Bg1 h5 12. h3 Nh6 13. g4 Na5 14. a3 Bxc3 15. Qxc3 Qxc3+ 16. bxc3 Nc4 17. Bxc4 dxc4 18. a4 b6 19. O-O-O Bb7 20. Rh2 Ng8 21. f5 Bd5 22. g5 Ne7 23. f6 Ng6 24. fxg7 Rg8 25. Nf5 Rd8 26. Bxb6 Rd7 27. Ne3 Rxg7 28. Rhd2 Nf4 29. Nxc4 Rxg5 30. Be3 Nxh3 31. Bxg5 Nxg5 32. Nb6 Ne4 33. Nxd7 Kxd7 34. c4 1-0


[Site "https://www.chess.com"]

[Event "Titled Tuesday Blitz March 08 Late 2022"]
[White "Galego, Luis"]
[Black "Salinas Herrera, Pablo"]
[WhiteFideId "1900072"]
[BlackFideId "3407128"]
[WhiteElo "2516"]
[BlackElo "2541"]
[Result "0-1"]
[Round "02"]
[TimeControl "180+1"]
[Date "2022.03.09"]
[WhiteClock "0:00:19"]
[BlackClock "0:00:15"]

1. d4 d5 2. c4 e6 3. Nf3 a6 4. c5 g6 5. Nc3 Bg7 6. Bg5 Nf6 7. e3 h6 8. Bh4 Nc6 9. Rc1 O-O 10. Be2 Qe8 11. O-O Ne4 12. Nxe4 dxe4 13. Nd2 f5 14. Bg3 e5 15. d5 Nd8 16. f4 exf3 17. Bxf3 e4 18. Be2 Bxb2 19. Bxc7 Bxc1 20. Qxc1 Nf7 21. Nc4 Bd7 22. Nb6 Bb5 23. Bxb5 Qxb5 24. Nxa8 Rxa8 25. d6 Rc8 26. Rd1 Qd7 27. Rd4 Ne5 28. Qc3 Qe6 29. Qd2 Nd7 30. Qc2 Kf7 31. h4 Rg8 32. c6 bxc6 33. Qxc6 g5 34. hxg5 Rxg5 35. Ra4 Ne5 36. Qb7 Kg6 37. Qb3 Qd7 38. Rxa6 Kh5 39. Ra8 Qg7 40. Qc2 Nf3+ 41. Kf1 Qa1+ 0-1


[Site "https://www.chess.com"]

[Event "Titled Tuesday Blitz March 08 Late 2022"]
[White "Gerbelli Neto, Eduardo"]
[Black "Espinosa, Pedro"]
[WhiteFideId "2103281"]
[BlackFideId "30921066"]
[WhiteElo "2178"]
[BlackElo "1696"]
[Result "0-1"]
[Round "02"]
[TimeControl "180+1"]
[Date "2022.03.09"]
[WhiteClock "0:00:35"]
[BlackClock "0:00:17"]

1. e4 c5 2. Nc3 d6 3. f4 Nc6 4. Nf3 g6 5. Bc4 Bg7 6. O-O e6 7. d3 Nge7 8. Qe1 O-O 9. Bb3 Na5 10. f5 Nxb3 11. axb3 exf5 12. Qh4 fxe4 13. dxe4 Nc6 14. Bg5 f6 15. Bh6 Be6 16. Rad1 Qe7 17. e5 Nxe5 18. Nxe5 dxe5 19. Ne4 Bf5 20. Nd6 Be6 21. Be3 b6 22. Ne4 Rad8 23. c4 Rxd1 24. Rxd1 Rd8 25. Rf1 Bf5 26. Nc3 Bd3 27. Re1 g5 28. Qg3 Bg6 29. Nd5 Qd6 30. Rd1 Bf7 31. h4 h6 32. hxg5 hxg5 33. Qf3 Bxd5 34. Rxd5 Qe7 35. Qd1 Rxd5 36. Qxd5+ Qf7 37. Qa8+ Bf8 38. g4 Qd7 39. Qd5+ Qxd5 40. cxd5 Kf7 41. b4 cxb4 42. Kf2 Bc5 43. Kf3 Bxe3 44. Kxe3 Ke7 45. Ke4 Kd6 46. b3 a5 47. Kf5 Kxd5 48. Kxf6 e4 49. Kxg5 e3 50. Kh4 e2 51. g5 e1=Q+ 0-1


[Site "https://www.chess.com"]

[Event "Titled Tuesday Blitz March 08 Late 2022"]
[White "Gledura, Benjamin"]
[Black "Petrovic, Aleksa"]
[WhiteFideId "712779"]
[BlackFideId "967629"]
[WhiteElo "2326"]
[BlackElo "2245"]
[Result "1-0"]
[Round "02"]
[TimeControl "180+1"]
[Date "2022.03.08"]
[WhiteClock "0:00:38"]
[BlackClock "0:00:03"]

1. d4 Nf6 2. Nf3 e6 3. g3 b5 4. Bg2 Bb7 5. O-O a6 6. b3 c5 7. Bb2 cxd4 8. Qxd4 Nc6 9. Qe3 Nd5 10. Qd2 Bb4 11. c3 Be7 12. c4 bxc4 13. Bxg7 Rg8 14. Bb2 cxb3 15. axb3 Bf6 16. Nc3 Nxc3 17. Bxc3 d5 18. Rfc1 Rc8 19. Nd4 Qb6 20. Nf5 Bxc3 21. Nd6+ Kd7 22. Nxc8 Qxf2+ 23. Kxf2 Bxd2 24. Nb6+ Kc7 25. Rc2 Bb4 26. Na4 Kd6 27. e3 Ne5 28. Rd1 a5 29. h3 Ba6 30. Bf1 Bb7 31. Nb2 h5 32. Nd3 Nxd3+ 33. Bxd3 h4 34. g4 Ke5 35. Ke2 Bd6 36. Rf1 f6 37. Rf4 Ra8 38. Ra4 Bb4 39. Rc7 Rb8 40. Ra1 Kd6 41. Rac1 Ba3 42. R1c2 Bb4 43. Rf7 Bc6 44. Rxf6 a4 45. bxa4 Bxa4 46. Rb2 Bc3 47. Rxb8 Bxf6 48. Rb6+ Ke5 49. Ra6 Be8 50. Kf3 Bd7 51. Rb6 Be7 52. Bb5 Bc8 53. Rb8 1-0


[Site "https://www.chess.com"]

[Event "Titled Tuesday Blitz March 08 Late 2022"]
[White "Goltsev, Dmitry"]
[Black "Caruana, Fabiano"]
[WhiteFideId "24176710"]
[BlackFideId "2020009"]
[WhiteElo "2273"]
[BlackElo "2744"]
[Result "0-1"]
[Round "02"]
[TimeControl "180+1"]
[Date "2022.03.08"]
[WhiteClock "0:00:04"]
[BlackClock "0:00:12"]

1. e4 c6 2. d4 d5 3. Nc3 dxe4 4. Nxe4 Nf6 5. Nxf6+ exf6 6. c3 Bd6 7. Bd3 O-O 8. Be3 Re8 9. Qc2 h5 10. O-O-O b5 11. h3 Be6 12. Ne2 Nd7 13. Nf4 Bxa2 14. Nxh5 Bd5 15. Nf4 Bxf4 16. Bxf4 a5 17. Bd6 a4 18. c4 bxc4 19. Bxc4 Nb6 20. Bxd5 Qxd6 21. Ba2 a3 22. b3 Nd5 23. Rhe1 Qb4 24. Bb1 Rxe1 25. Qh7+ Kf8 26. Qh8+ Ke7 27. Qxa8 Qc3+ 28. Bc2 Qa1+ 29. Kd2 Rxd1+ 30. Bxd1 Qxd4+ 31. Ke1 Qc3+ 32. Kf1 Qd3+ 33. Ke1 Qc3+ 34. Kf1 Qb4 35. g3 g6 36. Kg2 f5 37. Be2 Qxb3 38. Qxc6 a2 39. Qc5+ Ke6 40. Qc6+ Ke5 41. f4+ Kd4 42. Qc1 Qc3 43. Qd1+ Kc5 44. Qg1+ Ne3+ 45. Kf3 a1=Q 46. Qf2 Qh1+ 0-1


[Site "https://www.chess.com"]

[Event "Titled Tuesday Blitz March 08 Late 2022"]
[White "Goltseva, Ekaterina"]
[Black "Paravyan, David"]
[WhiteFideId "24173770"]
[BlackFideId "4194985"]
[WhiteElo "2140"]
[BlackElo "2569"]
[Result "1-0"]
[Round "02"]
[TimeControl "180+1"]
[Date "2022.03.08"]
[WhiteClock "0:00:03"]
[BlackClock "0:00:03"]

1. d4 Nf6 2. c4 g6 3. Nc3 d5 4. Nf3 Bg7 5. h4 O-O 6. cxd5 Nxd5 7. h5 c5 8. hxg6 hxg6 9. Bh6 Nxc3 10. bxc3 Bxh6 11. Rxh6 Kg7 12. Rh4 cxd4 13. Rxd4 Qa5 14. Qd2 Nc6 15. Rh4 Rh8 16. Rxh8 Kxh8 17. Qh6+ Kg8 18. Rc1 Qa3 19. Rc2 f6 20. Qxg6+ Kf8 21. e3 Be6 22. Ng5 Bg8 23. Bc4 e6 24. Nxe6+ Bxe6 25. Bxe6 Nd8 26. Qxf6+ Ke8 27. Qg6+ Ke7 28. Bb3 Rc8 29. Rd2 Qc1+ 30. Ke2 Qxc3 31. Qd6+ Ke8 32. Ba4+ Kf7 33. Bb3+ Ke8 34. Qd7+ Kf8 35. Qf5+ Ke8 36. Qe4+ Kf8 37. Rc2 Nf7 38. Rxc3 Rxc3 39. Qb4+ Kg7 40. Qxc3+ Ne5 41. Qxe5+ 1-0


[Site "https://www.chess.com"]

[Event "Titled Tuesday Blitz March 08 Late 2022"]
[White "Gracia Alvarez, Gerardo Antonio"]
[Black "Gulecyuz, Deniz"]
[WhiteFideId "5109124"]
[BlackFideId "30921341"]
[WhiteElo "2139"]
[BlackElo "1923"]
[Result "1-0"]
[Round "02"]
[TimeControl "180+1"]
[Date "2022.03.09"]
[WhiteClock "0:00:37"]
[BlackClock "0:00:08"]

1. e4 c5 2. Nc3 Nc6 3. Bb5 g6 4. Bxc6 bxc6 5. d3 Bg7 6. f4 e5 7. fxe5 Bxe5 8. Nf3 Bg7 9. O-O d6 10. Bg5 Qc7 11. Qd2 h6 12. Bh4 Ne7 13. Rae1 O-O 14. Kh1 Rb8 15. Nd1 Be6 16. b3 Nc8 17. d4 cxd4 18. Nxd4 Bd7 19. Bf6 d5 20. e5 c5 21. Nf3 d4 22. Nf2 Re8 23. Ne4 Bf5 24. Bxg7 Kxg7 25. Nf6 Re6 26. g4 Ne7 27. gxf5 Nxf5 28. Rg1 Ne3 29. c3 Qc6 30. Qf2 Rxe5 31. cxd4 cxd4 32. Rc1 Qxf6 33. Rg3 Rf5 34. Qe2 Re8 35. Rc4 Re4 36. Ra4 Ref4 37. Ra6 Rxf3 38. Rxf6 Rf1+ 39. Rg1 Rxg1+ 40. Kxg1 Rxf6 41. h3 Rf1+ 42. Kh2 Rf5 43. Qd3 Rf4 44. Kg3 Nf5+ 45. Kxf4 Kf6 46. Qe4 g5+ 47. Kf3 h5 48. Qc6+ Kg7 49. Qc5 Kg6 50. Qxa7 f6 51. a4 1-0


[Site "https://www.chess.com"]

[Event "Titled Tuesday Blitz March 08 Late 2022"]
[White "Griffith, Kyron"]
[Black "Thavandiran, Shiyam"]
[WhiteFideId "2046318"]
[BlackFideId "2605058"]
[WhiteElo "2232"]
[BlackElo "2357"]
[Result "0-1"]
[Round "02"]
[TimeControl "180+1"]
[Date "2022.03.08"]
[WhiteClock "0:00:02"]
[BlackClock "0:01:01"]

1. e4 e6 2. d3 c5 3. Nf3 Nc6 4. g3 g6 5. Bg2 Bg7 6. O-O Nge7 7. c3 e5 8. Nbd2 O-O 9. Nc4 d6 10. a4 h6 11. h3 Be6 12. a5 Kh7 13. Nfd2 Qd7 14. Kh2 d5 15. exd5 Bxd5 16. Ne4 Bxe4 17. Bxe4 f5 18. Bg2 Rad8 19. Be3 Qxd3 20. Qxd3 Rxd3 21. Bxc5 Rfd8 22. Bxe7 Nxe7 23. Bxb7 e4 24. a6 h5 25. Ne3 Bh6 26. Nc4 h4 27. gxh4 Bf4+ 28. Kg2 Kg7 29. Rfe1 Bc7 30. Ne3 f4 31. Ng4 Nf5 32. Bxe4 Nxh4+ 33. Kh2 Rd2 34. Kg1 Rxb2 35. Rad1 Rxd1 36. Rxd1 Bb6 37. c4 Nf5 38. Bxf5 gxf5 39. Ne5 Bxf2+ 40. Kh1 Be3 41. Nd3 Rc2 42. c5 Kf6 43. Rf1 Kg5 0-1


[Site "https://www.chess.com"]

[Event "Titled Tuesday Blitz March 08 Late 2022"]
[White "Hambleton, Aman"]
[Black "Ishbaev, Alibek"]
[WhiteFideId "2606577"]
[BlackFideId "14205017"]
[WhiteElo "2552"]
[BlackElo "2326"]
[Result "0-1"]
[Round "02"]
[TimeControl "180+1"]
[Date "2022.03.09"]
[WhiteClock "0:00:02"]
[BlackClock "0:00:32"]

1. d4 c5 2. d5 g6 3. c4 Bg7 4. e4 d6 5. Bd3 e6 6. Nc3 exd5 7. cxd5 Ne7 8. Nf3 O-O 9. h3 f5 10. e5 dxe5 11. d6 Nec6 12. Bc4+ Kh8 13. h4 Nd4 14. h5 Nxf3+ 15. gxf3 g5 16. h6 Bf6 17. Be3 Nc6 18. Bxc5 Nd4 19. Nd5 Be6 20. Rc1 Rc8 21. b4 b6 22. Bxd4 Bxd5 23. Bxd5 Rxc1 24. Qxc1 Qxd6 25. Bb3 Qxd4 26. Kf1 Qd3+ 27. Kg2 e4 28. Rh3 exf3+ 29. Rxf3 Qe4 30. Qd1 g4 31. Qd7 gxf3+ 0-1


[Site "https://www.chess.com"]

[Event "Titled Tuesday Blitz March 08 Late 2022"]
[White "Hartikainen, Jarmo"]
[Black "Suarez Uriel, Adrian"]
[WhiteFideId "503134"]
[BlackFideId "22230874"]
[WhiteElo "2110"]
[BlackElo "2316"]
[Result "0-1"]
[Round "02"]
[TimeControl "180+1"]
[Date "2022.03.09"]
[WhiteClock "0:00:08"]
[BlackClock "0:01:01"]

1. e4 c6 2. d4 d5 3. Nc3 dxe4 4. Nxe4 Nf6 5. Nxf6+ exf6 6. Bf4 Bd6 7. Qf3 O-O 8. Bd3 Bxf4 9. Qxf4 Qe7+ 10. Ne2 Qb4+ 11. c3 Qxb2 12. O-O Qa3 13. Qh4 f5 14. g4 Nd7 15. gxf5 Nf6 16. Kh1 Qd6 17. Rg1 Kh8 18. Rg2 Qd5 19. Rg1 Rg8 20. Nf4 Qd6 21. Nh5 Nxh5 22. Qxh5 Qf6 23. Rg3 Bd7 24. Rh3 h6 25. Rg6 fxg6 26. fxg6 Bxh3 0-1


[Site "https://www.chess.com"]

[Event "Titled Tuesday Blitz March 08 Late 2022"]
[White "Hollan, Martin"]
[Black "Van Foreest, Jorden"]
[WhiteFideId "360937"]
[BlackFideId "1039784"]
[WhiteElo "2468"]
[BlackElo "2609"]
[Result "0-1"]
[Round "02"]
[TimeControl "180+1"]
[Date "2022.03.08"]
[WhiteClock "0:00:03"]
[BlackClock "0:00:41"]

1. e4 c6 2. Nf3 d5 3. Nc3 Bg4 4. h3 Bxf3 5. Qxf3 e6 6. d4 dxe4 7. Nxe4 Qxd4 8. c3 Qd8 9. Bg5 Be7 10. Rd1 Qb6 11. Bxe7 Kxe7 12. Qg3 Kf8 13. Qd6+ Ke8 14. Qe5 Nf6 15. Nxf6+ gxf6 16. Qxf6 Rf8 17. Be2 Nd7 18. Qh4 Qxb2 19. Qg3 Rd8 20. Bh5 Qb5 21. Be2 Qe5 22. Qd3 Ke7 23. O-O Nb6 24. Qf3 Nd5 25. Rb1 Rd7 26. Rb3 Nf4 27. Re1 Nxe2+ 28. Qxe2 Qxe2 29. Rxe2 b6 30. a4 Rd5 31. Re4 Rfd8 32. Rh4 h5 33. Rbb4 Rc5 34. c4 Rd1+ 35. Kh2 Rc1 36. g4 R1xc4 37. Rxc4 Rxc4 38. Rxh5 Rxa4 39. Rh8 c5 40. f3 c4 41. Rc8 b5 42. h4 Ra2+ 43. Kg3 Ra1 44. h5 Kf6 45. Rc5 a6 46. g5+ Kg7 47. Rc7 Rg1+ 48. Kf4 Rh1 49. Kg4 Kf8 50. Rc8+ Ke7 51. Rc7+ Kd6 52. Rxf7 c3 53. Ra7 c2 54. Rxa6+ Kd5 55. Ra8 c1=Q 56. Rd8+ Ke5 0-1


[Site "https://www.chess.com"]

[Event "Titled Tuesday Blitz March 08 Late 2022"]
[White "Hryshchenko, Kamila"]
[Black "Papasimakopoulos, Alexandros"]
[WhiteFideId "14147491"]
[BlackFideId "4244125"]
[WhiteElo "1929"]
[BlackElo "2340"]
[Result "1-0"]
[Round "02"]
[TimeControl "180+1"]
[Date "2022.03.08"]
[WhiteClock "0:00:16"]
[BlackClock "0:00:18"]

1. e4 e6 2. d4 d5 3. Nc3 Bb4 4. Ne2 Nc6 5. a3 Ba5 6. b4 Bb6 7. Bb2 Nge7 8. g3 e5 9. exd5 Nxd4 10. Nxd4 Bxd4 11. Bg2 O-O 12. Na4 Nxd5 13. c3 Nf4 14. gxf4 Bxf2+ 15. Kxf2 Qh4+ 16. Kg1 exf4 17. Qe1 Qh6 18. Nc5 Bg4 19. h3 Rae8 20. Qf2 Bh5 21. Rf1 Re2 22. Qxf4 Qg6 23. Rf2 Qb1+ 24. Bc1 Rxf2 25. Kxf2 Qc2+ 26. Qd2 Qf5+ 27. Kg3 b6 28. Ne4 Bg6 29. Rf1 Qe6 30. Qf4 h6 31. Nf2 c5 32. bxc5 bxc5 33. Be3 Rc8 34. c4 Kh7 35. Bd5 Qe7 36. Ng4 Re8 37. Re1 h5 38. Nh2 Qd8 39. Nf3 f6 40. Bxc5 Rxe1 41. Nxe1 Qa5 42. Bb4 Qb6 43. Nf3 a5 44. Bd6 Qb1 45. c5 Qc2 46. c6 Bd3 47. c7 a4 48. Qd4 g5 49. Qxf6 h4+ 50. Nxh4 gxh4+ 51. Qxh4+ Kg7 52. Be5+ Kg6 53. Qf6+ Kh5 54. Bf3# 1-0


[Site "https://www.chess.com"]

[Event "Titled Tuesday Blitz March 08 Late 2022"]
[White "Ibarra Jerez, Jose Carlos"]
[Black "Bellissimo, Joseph F."]
[WhiteFideId "2226332"]
[BlackFideId "2609843"]
[WhiteElo "2626"]
[BlackElo "2061"]
[Result "1-0"]
[Round "02"]
[TimeControl "180+1"]
[Date "2022.03.08"]
[WhiteClock "0:00:14"]
[BlackClock "0:00:20"]

1. e4 e6 2. d4 d5 3. Nc3 Nf6 4. Bg5 dxe4 5. Nxe4 Be7 6. Bxf6 gxf6 7. Nf3 f5 8. Nc3 a6 9. Qd2 b5 10. O-O-O b4 11. Na4 Qd5 12. b3 Nd7 13. Bc4 Qe4 14. d5 Ne5 15. Nxe5 Qxe5 16. Qd4 Qxd4 17. Rxd4 e5 18. Rdd1 Bb7 19. Rhe1 Bd6 20. Bd3 Bxd5 21. f3 Be6 22. Nb2 Rg8 23. g3 Ke7 24. Nc4 f6 25. Ne3 Rg5 26. f4 Rh5 27. h4 Rg8 28. Nf1 a5 29. Re3 Bc5 30. Re2 e4 31. Bc4 Bxc4 32. bxc4 c6 33. Red2 e3 34. Re2 Kf7 35. Rd7+ Kg6 36. Nxe3 Re8 37. Kd2 Re4 38. Kd3 Rh6 39. g4 Rxe3+ 40. Rxe3 Bxe3 41. h5+ Rxh5 42. gxh5+ Kxh5 43. Kxe3 Kg4 44. Rxh7 a4 45. Rg7+ Kh4 46. Rb7 c5 47. Rb5 b3 48. cxb3 a3 49. Rxc5 Kh3 50. Rxf5 Kg2 51. Rxf6 Kf1 52. Ra6 Ke1 53. Rxa3 Kd1 54. b4 Kc1 55. Rb3 Kc2 56. b5 Kc1 57. f5 Kc2 58. b6 Kc1 59. b7 Kc2 60. b8=Q Kc1 61. f6 Kd1 62. f7 Kc2 63. f8=Q Kd1 64. Qf1+ Kc2 65. Qd3+ Kc1 66. Rb1# 1-0


[Site "https://www.chess.com"]